 Dungeon Crawl Stone Soup version 0.27-a0-249-g74f53ef629 (webtiles) character file.

Game seed: 852207551733394833

394 scarywalker64 the Digger (level 6, -8/36 HPs)
             Began as a Gargoyle Earth Elementalist on Feb 3, 2021.
             Killed by divine providence
             ... invoked by an orc priest
              (11 damage)
             ... on level 4 of the Dungeon.
             The game lasted 00:08:23 (2562 turns).

scarywalker64 the Digger (GrEE)                     Turns: 2562, Time: 00:08:24

Health: -8/36      AC: 16    Str: 14    XL:     6   Next: 82%
Magic:  11/11      EV: 12    Int: 15    God:
Gold:   137        SH:  0    Dex: 16    Spells: 11/12 levels left

rFire    . . .     SeeInvis .   o - +1 rapier
rCold    . . .     Faith    .   (no shield)
rNeg     + . .     Spirit   .   k - +0 troll leather armour
rPois    ∞         Reflect  .   (no helmet)
rElec    +         Harm     .   x - +0 cloak
rCorr    .         Rampage  .   t - +1 pair of gloves
Will     .....                  e - +0 pair of boots
Stlth    ++........             (no amulet)
HPRegen  0.52/turn              d - +6 ring of dexterity
MPRegen  0.12/turn              j - +4 ring of protection

@: no status effects
A: negative energy resistance 1, electricity resistance, unbreathing,
petrification resistance, miasma immunity, AC +4
a: no special abilities


You were on level 4 of the Dungeon.
You visited 1 branch of the dungeon, and saw 4 of its levels.

You collected 137 gold pieces.

Inventory:

Hand Weapons
 o - a +1 rapier (weapon)
Missiles
 b - 58 stones
 i - 9 sling bullets
 u - 17 bolts
Armour
 e - a +0 pair of boots (worn)
 k - a +0 troll leather armour (worn)
 t - a +1 pair of gloves (worn)
 w - a cursed +0 tower shield
 x - a +0 cloak (worn)
Jewellery
 d - a +6 ring of dexterity (left hand)
 j - a +4 ring of protection (right hand)
Wands
 p - a wand of polymorph (4)
Scrolls
 f - 3 scrolls of teleportation
 n - a scroll of remove curse
 s - a scroll of fear
Potions
 a - a potion of ambrosia {unknown}
 c - 3 potions of curing
 g - 2 potions of degeneration {unknown}
 h - a potion of mutation {unknown}
 l - 2 potions of berserk rage {unknown}
 q - 2 potions of haste {unknown}
 z - a potion of flight {unknown}


   Skills:
 * Level 2.3 Fighting
 + Level 2.0 Short Blades
 + Level 0.5 Polearms
 + Level 1.3 Armour
 + Level 2.1 Dodging
 - Level 2.1 Stealth
 * Level 1.1 Shields
 * Level 3.8 Spellcasting
 + Level 0.7 Transmutations
 * Level 5.3 Earth Magic


You had 11 spell levels left.
You knew the following spells:

 Your Spells              Type           Power        Failure   Level
a - Sandblast             Erth           38%          2%          1

Your spell library contained the following spells:

 Spells                   Type           Power        Failure   Level
 Passwall                 Tmut/Erth      10%          10%         2
 Stone Arrow              Conj/Erth      20%          22%         3
 Petrify                  Tmut/Erth      12%          54%         4
 Lee's Rapid Deconstruct  Erth           9%           56%         5


Dungeon Overview and Level Annotations

Branches:
Dungeon (4/15)
 Temple: D:4-7

Altars:


Innate Abilities, Weirdness & Mutations

You are resistant to torment.
Your stone body is resilient. (AC +4)
You are immune to poison.
You resist negative energy. (rN+)
You are resistant to electric shocks. (rElec)
You can survive without breathing.
You are immune to petrification.
You are immune to miasma.


Message History

The orc priest invokes the aid of Beogh against you.
Beogh smites you!
Found a scroll labelled VIOCZU XEOKIR and 20 stones.
The leopard gecko skeleton barely misses you.
Found a stone staircase leading down.
Found a scroll of fear.
An adder comes into view.
The adder hisses angrily.
You see here a scroll labelled VIOCZU XEOKIR.
The orc priest invokes the aid of Beogh against you.
Beogh smites you!
The orc priest calls down the wrath of Beogh upon you.
Beogh smites you!
* * * LOW HITPOINT WARNING * * *
You hear an angry hiss.
You hear a shout!
You hear a shout! x2
The orc priest miscasts a cantrip.
The orc priest mumbles some strange prayers to Beogh against you.
Beogh smites you!
You die...

#.........#
+#
##.o###o.##
#..###.o##
..#
.........#
..o.
.........#
o.l..
.........#
.....#
........Z#
.o<..#
.(.......#
#..>###.@#
#... #..#
... #..S.
#.....
#.?....
#.......
#........
###.....##


You could see 2 orc priests, an adder and a leopard gecko skeleton.

Vanquished Creatures
  Sigmund (D:3)
  An orc priest (D:3)
  Crazy Yiuf (D:3)
  Jessica (D:3)
  An orc wizard (D:3)
  3 adders
  An ooze (D:2)
  2 worms
  2 dart slugs (D:1)
  2 leopard geckos (D:1)
  6 orcs (D:3)
  2 ball pythons
  6 bats
  7 giant cockroaches
  14 goblins
  4 hobgoblins
  4 jackals (D:3)
  5 kobolds
  A quokka (D:2)
  A frilled lizard (D:2)
  12 rats
77 creatures vanquished.

Notes
Turn   | Place    | Note
-------+----------+-------------------------------------------
     0 | D:1      | scarywalker64 the Gargoyle Earth Elementalist began the
                  | quest for the Orb.
     0 | D:1      | Reached XP level 1. HP: 10/10 MP: 3/3
     3 | D:1      | Noticed an electric eel
     4 | D:1      | Noticed an electric eel
   122 | D:1      | Reached XP level 2. HP: 15/15 MP: 3/5
   153 | D:1      | Reached skill level 4 in Earth Magic
   641 | D:1      | Reached XP level 3. HP: 20/20 MP: 6/6
   948 | D:2      | Reached skill level 1 in Fighting
  1120 | D:2      | Reached XP level 4. HP: 25/25 MP: 4/8
  1994 | D:3      | Reached skill level 1 in Short Blades
  1994 | D:3      | Reached skill level 1 in Armour
  1994 | D:3      | Reached XP level 5. HP: 15/30 MP: 4/9
  2121 | D:3      | Noticed Jessica
  2123 | D:3      | Killed Jessica
  2217 | D:3      | Found a runed translucent door.
  2218 | D:3      | Noticed Crazy Yiuf
  2228 | D:3      | Killed Crazy Yiuf
  2229 | D:3      | Reached XP level 6. HP: 29/35 MP: 2/10
  2419 | D:3      | Noticed Sigmund
  2439 | D:3      | Killed Sigmund
  2440 | D:3      | Reached skill level 1 in Shields
  2440 | D:3      | Reached skill level 5 in Earth Magic
  2562 | D:4      | Killed from afar by an orc priest

Illustrated notes

Levels and vault maps discovered:
D:1:      arrival_aquarium_b, layout_rooms, grunt_decor_one_mirror, minivault_24
D:2:      layout_basic, minmay_misc_feat_pillars, kennysheep_generic_room_7
D:3:      layout_loops_cross, minitemple, uniq_jessica, uniq_crazy_yiuf_cottage,
          uniq_sigmund
D:4:      layout_gridville, lemuel_crystal_altar,
          minmay_temple_entry_statues_pillars, serial_shops, nicolae_shop_stone,
          makhleb_blood_cavern_becter

Skill      XL: |  1  2  3  4  5  6 |
---------------+-------------------+-----
Earth Magic    | 4 5 |  5.3
Fighting       | 1 2 |  2.3
Short Blades   | 1 2 |  2.0
Armour         | 1 |  1.3
Dodging        | 2 |  2.1
Spellcasting   | 3 |  3.8
Shields        | 1 |  1.1
Polearms       | |  0.5
Stealth        | |  2.1
Transmutations | |  0.7

Action                   |  1- 3 |  4- 6 || total
-------------------------+-------+-------++-------
Melee: Spear             |    78 |       ||    78
       Rapier            |    29 |   142 ||   171
 Cast: Sandblast         |    13 |    25 ||    38
  Use: Scroll            |     2 |     5 ||     7
 Stab: Sleeping          |     5 |     2 ||     7
Armor: Robe              |    12 |       ||    12
       Troll leather arm |    37 |    90 ||   127
Dodge: Dodged            |    80 |   106 ||   186

Table legend: (Time is in decaauts)
 A = Elapsed time spent in this place.
 B = Non-inter-level travel time spent in this place.
 C = Inter-level travel time spent in this place.
 D = Time resting spent in this place.
 E = Time spent auto-exploring this place.
 F = Levels seen in this place.
 G = Mean time per level.
                   A        B        C        D        E       F      G
               +--------+--------+--------+--------+--------+-----+--------+
         Total |   2599 |   2464 |    135 |    104 |   1665 |   4 |  649.8 |
       Dungeon |   2599 |   2464 |    135 |    104 |   1665 |   4 |  649.8 |
               +--------+--------+--------+--------+--------+-----+--------+

Top non-repeatable levels by time:
     D:2: 891 daAuts
     D:3: 853 daAuts
     D:1: 837 daAuts
     D:4: 16 daAuts
